 Dungeon Crawl Stone Soup version 0.25-a0-1133-g93ebf73 (webtiles) character file.

Game seed: 1442296135517601339, levelgen mode: deterministic

1835 thirtiethelement the Skirmisher (level 8, -7/62 HPs)
             Began as a Demonspawn Abyssal Knight on May 22, 2020.
             Was a Believer of Lugonu.
             Mangled by a hog (8 damage)
             ... on level 7 of the Dungeon.
             The game lasted 00:37:15 (8157 turns).

thirtiethelement the Skirmisher (DsAK)              Turns: 8157, Time: 00:37:16

Health: -7/62      AC:  7    Str: 14    XL:     8   Next: 87%
Magic:  4/12       EV: 14    Int: 14    God:    Lugonu [**....]
Gold:   212        SH:  5    Dex: 25    Spells: 9/13 levels left

rFire    . . .     SeeInvis .   E - +4 quarterstaff of the Aged Tales {pain, rElec MR++ Dex+8 Stlth-}
rCold    . . .     Gourm    .   (shield currently unavailable)
rNeg     . . .     Faith    .   b - +0 leather armour
rPois    .         Spirit   .   (helmet restricted)
rElec    +         Reflect  +   A - +2 cloak
rCorr    .         Harm     .   F - +0 pair of gloves
MR       ++...                  (no boots)
Stlth    +++.......             d - amulet of reflection
HPRegen  0.20/turn              l - ring of wizardry
MPRegen  0.13/turn              t - ring of wizardry

@: mighty
A: horns 2, thin skeletal structure 2, powered by pain 1
a: Depart the Abyss, Bend Space, Renounce Religion


You were on level 7 of the Dungeon.
You worshipped Lugonu.
Lugonu was pleased with you.
You were not hungry.

You visited 1 branch of the dungeon, and saw 7 of its levels.
You visited the Abyss 1 time.

You collected 267 gold pieces.
You spent 55 gold pieces at shops.

Inventory:

Hand Weapons
 a - a +1 falchion
 u - a +4 hand axe
 z - a +2 short sword of electrocution
 E - the +4 quarterstaff of the Aged Tales (weapon) {pain, rElec MR++ Dex+8 Stlth-}
   (You found it on level 5 of the Dungeon)

   In the hands of one skilled in necromantic magic, it inflicts extra damage on
   living creatures.
   It affects your dexterity (+8).
   It insulates you from electricity.
   It affects your resistance to hostile enchantments.
   It makes you less stealthy.
Missiles
 j - 3 javelins (quivered)
Armour
 b - a +0 leather armour (worn)
 A - a +2 cloak (worn)
 F - a +0 pair of gloves (worn)
Jewellery
 d - an amulet of reflection (around neck)
 l - a ring of wizardry (left hand)
 t - a ring of wizardry (right hand)
 y - an uncursed amulet of the acrobat
 C - an uncursed ring of wizardry
Wands
 w - a wand of flame (2)
Scrolls
 i - a scroll of blinking
 o - 2 scrolls of remove curse
 q - a scroll of random uselessness {unknown}
 x - 2 scrolls of fog
 B - 3 scrolls of identify
 G - a scroll of fear {unknown}
 H - a scroll of magic mapping
 I - a scroll of amnesia {unknown}
 J - a scroll of teleportation
Potions
 e - 2 potions of haste {unknown}
 f - 2 potions of mutation {unknown}
 g - a potion of ambrosia {unknown}
 h - 2 potions of lignification {unknown}
 k - 2 potions of brilliance
 m - a potion of invisibility
 n - 2 potions of heal wounds
 p - a potion of might
 r - 2 potions of resistance {unknown}
 s - a potion of curing {unknown}
 v - a potion of stabbing {unknown}
 D - 2 potions of cancellation {unknown}
Comestibles
 c - 4 rations


   Skills:
 + Level 5.3 Fighting
 + Level 4.4 Long Blades
 * Level 4.0 Staves
 + Level 4.0 Armour
 + Level 3.0 Dodging
 + Level 3.6 Stealth
 + Level 3.0 Spellcasting
 + Level 3.2 Summonings
 + Level 2.9 Invocations


You had 9 spell levels left.
You knew the following spells:

 Your Spells              Type           Power        Failure   Level  Hunger
a - Call Imp              Summ           ##......     3%          2    ##.....
b - Slow                  Hex            #.......     11%         2    ##.....

Your spell library contained the following spells:

 Spells                   Type           Power        Failure   Level  Hunger
 Magic Dart               Conj           #...         7%          1    #......
 Blink                    Tloc           N/A          11%         2    ##.....
 Conjure Flame            Conj/Fire      #.......     21%         3    ###....
 Mephitic Cloud           Conj/Pois/Air  #.......     21%         3    ###....


Dungeon Overview and Level Annotations

Branches:
Dungeon (7/15)             Temple (0/1) D:6

Altars:
Ashenzari
Cheibriados
Elyvilon
Gozag
Kikubaaqudgha
Makhleb
Sif Muna
Xom
Yredelemnul
The Shining One

Shops:
D:4 !

Annotations:
D:6 2 transporters, ratrolha's ghost, novice DrIE


Innate Abilities, Weirdness & Mutations

You have a pair of horns on your head.
You have a moderately thin skeletal structure. (Dex +4, Stealth+)
You sometimes gain a little power by taking damage.


Message History

Casting: Call Imp (safe; 3% risk of failure)
Confirm with . or Enter, or press ? or * to list all spells.
Okay, then.
Space bends around you!
You blink.
The hog bites your white imp.
The hog completely misses your white imp.
Your white imp barely misses the hog.
You closely miss the hog. The hog barely misses your white imp.
The hog closely misses your white imp. The hog bites you.
* * * LOW HITPOINT WARNING * * *
The hog bites your white imp!
Your white imp dies!
Space bends around you!
You blink.
The hog closely misses you. The hog misses your crimson imp.
The hog bites your crimson imp but does no damage.
Your crimson imp closely misses the hog.
Space bends around you!
You blink.
The hog misses you.
The hog closely misses your crimson imp.
The hog bites you but does no damage.
Your crimson imp barely misses the hog.
The hog bites you!
You die...

########### #.........#
###########.#######.####
..........#.###@§......#
#########..§.hhh###.##.#
#....h5.....##.#
##...#########.# ##..##
#(# #...# #.# ##)## #.#
#..#..# ##.## #..#..#
##...###


You could see 4 hogs and a friendly crimson imp (summoned).

Vanquished Creatures
  Eustachio (D:5)
  A human (D:7)
  A sky beast (D:6)
  An ogre (D:6)
  A phantom (D:6)
  3 centaurs (D:7)
  2 bullfrogs (D:6)
  3 scorpions
  2 wights (D:6)
  A howler monkey (D:4)
  2 crimson imps
  A quasit (D:3)
  A bullfrog zombie (D:5)
  An orc wizard (D:7)
  An orc priest (D:7)
  5 worker ants
  A hound zombie (D:5)
  Robin (D:3)
  8 adders
  A shadow imp (D:6)
  An ooze (D:3)
  An adder zombie (D:7)
  An adder skeleton (D:6)
  3 worms
  3 dart slugs (D:1)
  4 leopard geckos
  2 orcs
  7 bats
  3 giant cockroaches
  11 goblins
  11 hobgoblins
  2 jackals (D:1)
  11 kobolds
  3 quokkas
  A ball python (D:6)
  A ball python skeleton (D:4)
  A frilled lizard (D:1)
  2 leopard gecko skeletons
  5 rats
111 creatures vanquished.

Vanquished Creatures (collateral kills)
  Sigmund (D:2)
  An ice beast (D:4)
  A wight (D:6)
  A worker ant (D:3)
  A ball python (D:3)
  A bat (D:3)
  3 goblins (D:3)
  A rat (D:3)
10 creatures vanquished.

Grand Total: 121 creatures vanquished

Notes
Turn   | Place    | Note
-------+----------+-------------------------------------------
     0 | Abyss:1  | thirtiethelement the Demonspawn Abyssal Knight began the
                  | quest for the Orb.
     0 | Abyss:1  | Reached XP level 1. HP: 18/18 MP: 2/2
    50 | Abyss:1  | Noticed a chaos spawn
    60 | Abyss:1  | Noticed a black draconian
    62 | Abyss:1  | Noticed a small abomination
    90 | Abyss:1  | Noticed a hellwing
    90 | Abyss:1  | Noticed a small abomination
    93 | D:1      | Escaped the Abyss
   361 | D:1      | Gained mutation: You have a somewhat thin skeletal
                  | structure. (Dex +2, Stealth) [demonic ancestry]
   361 | D:1      | Reached XP level 2. HP: 11/24 MP: 3/3
   501 | D:1      | Reached * piety under Lugonu
   694 | D:1      | Reached skill level 1 in Dodging
   834 | D:1      | Gained mutation: You have a moderately thin skeletal
                  | structure. (Dex +4, Stealth+) [demonic ancestry]
   834 | D:1      | Reached XP level 3. HP: 29/29 MP: 4/4
  1382 | D:2      | Noticed Sigmund
  1466 | D:2      | Found a shimmering blue altar of Sif Muna.
  1515 | D:2      | Learned a level 2 spell: Call Imp
  1571 | D:2      | HP: 1/30 [something (3)]
  1865 | D:2      | Killed Sigmund
  1865 | D:2      | Reached skill level 4 in Fighting
  1865 | D:2      | Reached skill level 1 in Stealth
  1865 | D:2      | Gained mutation: You have a pair of small horns on your
                  | head. [demonic ancestry]
  1865 | D:2      | Reached XP level 4. HP: 26/37 MP: 1/5
  1865 | D:2      | Reached XP level 5. HP: 29/42 MP: 1/6
  2451 | D:3      | Noticed Robin
  2470 | D:3      | Killed Robin
  2470 | D:3      | Reached XP level 6. HP: 24/48 MP: 1/7
  2471 | D:3      | Reached ** piety under Lugonu
  3100 | D:4      | Found a white marble altar of Elyvilon.
  3143 | D:4      | Found Sepamp's Distillery.
  3154 | D:4      | Bought a potion of heal wounds for 55 gold pieces
  3164 | D:4      | Found a basalt altar of Yredelemnul.
  3665 | D:4      | Learned a level 2 spell: Slow
  3783 | D:5      | Entered Level 5 of the Dungeon
  4171 | D:5      | Got a jewelled quarterstaff
  4172 | D:5      | Identified the +4 quarterstaff of the Aged Tales {pain,
                  | rElec MR++ Dex+8 Stlth-} (You found it on level 5 of the
                  | Dungeon)
  4174 | D:5      | Noticed Eustachio
  4176 | D:5      | Noticed an ice beast
  4420 | D:4      | Killed an ice beast
  4420 | D:4      | Reached skill level 1 in Spellcasting
  4420 | D:4      | Reached skill level 1 in Summonings
  4420 | D:4      | Gained mutation: You sometimes gain a little power by
                  | taking damage. [demonic ancestry]
  4420 | D:4      | Reached XP level 7. HP: 23/55 MP: 2/8
  4671 | D:5      | Found a shattered altar of Ashenzari.
  4904 | D:5      | Found a burning altar of Makhleb.
  4909 | D:5      | Found a shattered altar of Ashenzari.
  4917 | D:5      | Found a glowing golden altar of the Shining One.
  4917 | D:5      | Found a snail-covered altar of Cheibriados.
  4961 | D:5      | Found an opulent altar of Gozag.
  4962 | D:5      | Found an ancient bone altar of Kikubaaqudgha.
  5119 | D:5      | Killed Eustachio
  6399 | D:6      | Gained mutation: You have a pair of horns on your head.
                  | [demonic ancestry]
  6399 | D:6      | Reached XP level 8. HP: 50/61 MP: 1/11
  6597 | D:6      | Reached skill level 5 in Fighting
  6598 | D:6      | Found a transporter.
  6599 | D:6      | Noticed ratrolha's ghost (novice DrIE)
  6604 | D:6      | Found a transporter.
  6625 | D:6      | Reached skill level 1 in Staves
  6731 | D:6      | Found a staircase to the Ecumenical Temple.
  7057 | D:6      | Found an opulent altar of Gozag.
  7059 | D:6      | Found a shimmering altar of Xom.
  7059 | D:6      | Found a burning altar of Makhleb.
  7061 | D:6      | Found a glowing silver altar of Zin.
  7061 | D:6      | Found a shimmering altar of Xom.
  7061 | D:6      | Found a white marble altar of Elyvilon.
  8157 | D:7      | Mangled by a hog

Illustrated notes

Levels and vault maps discovered:
D:1:      dpeg_arrival_round_b, layout_basic
D:2:      layout_rooms, lemuel_crystal_altar, first_ration, uniq_sigmund
D:3:      layout_rooms, uniq_robin
D:4:      layout_basic, kennysheep_ying_yang, serial_shops, shop
D:5:      layout_rooms, minitemple, cheibrodos_ashenzari_chains, uniq_eustachio
D:6:      layout_basic, minmay_temple_entry_grid, gammafunk_ghost_smash,
          doesnt_xom_only_xom
D:7:      layout_loops_corners, chequers_temple_overflow_statue_of_worship,
          lemuel_crystal_altar, grunt_livestock, kennysheep_generic_room_14

Skill      XL: |  1  2  3  4  5  6  7  8 |
---------------+-------------------------+-----
Armour         | 2 3 4 |  4.0
Long Blades    | 2 3 4 |  4.4
Dodging        | 1 2 3 |  3.0
Fighting       | 4 5 |  5.3
Stealth        | 1 2 3 |  3.6
Spellcasting   | 1 2 3 |  3.0
Summonings     | 1 2 3 |  3.2
Staves         | 4 |  4.0
Invocations    | |  2.9

Action                   |  1- 3 |  4- 6 |  7- 9 || total
-------------------------+-------+-------+-------++-------
Melee: Falchion          |   102 |   152 |   116 ||   370
       Headbutt          |       |    24 |    44 ||    68
       Quarterstaff      |       |       |    80 ||    80
 Cast: Call Imp          |     3 |    12 |    33 ||    48
Invok: Depart the Abyss  |     1 |       |       ||     1
       Bend Space        |       |     1 |    11 ||    12
  Use: Scroll            |     5 |     7 |     1 ||    13
 Stab: Sleeping          |     4 |    10 |     7 ||    21
       Distracted        |       |     1 |     1 ||     2
  Eat: Ration            |     1 |     3 |     4 ||     8
Armor: Leather armour    |    20 |    48 |    49 ||   117
Dodge: Dodged            |    58 |    92 |    93 ||   243
Block: Other             |    20 |    44 |    35 ||    99
       Reflection        |       |     3 |       ||     3
       Rpst.: Falchion   |    14 |    25 |    19 ||    58

Table legend:
 A = Non-vault XP
 B = Vault XP
 C = Vault XP percentage of total XP
 D = Non-vault monster count
 E = Vault monster count
 F = Vault count percentage of total count
                 A         B        C        D         E       F
            +---------+---------+-------+---------+---------+-------
      Total |    1965 |     657 |  25.1 |     106 |      15 |  12.4
            +---------+---------+-------+---------+---------+-------
        D:1 |      50 |       0 |   0.0 |      24 |       0 |   0.0
        D:2 |      41 |     187 |  82.0 |      12 |       1 |   7.7
        D:3 |     107 |      31 |  22.5 |      23 |      11 |  32.4
        D:4 |     216 |       0 |   0.0 |      10 |       0 |   0.0
        D:5 |     232 |     176 |  43.1 |       9 |       1 |  10.0
        D:6 |     895 |       0 |   0.0 |      22 |       0 |   0.0
        D:7 |     424 |     263 |  38.3 |       6 |       2 |  25.0
            +---------+---------+-------+---------+---------+-------
